 Dungeon Crawl Stone Soup version 0.24-b1 (webtiles) character file.

Game seed: 16570153965192521029, levelgen mode: deterministic

507 Amen the Magician (level 7, -3/50 HPs)
             Began as a Gnoll Wizard on Oct 12, 2019.
             Slain by a hound skeleton (4 damage)
             ... on level 5 of the Dungeon.
             The game lasted 00:13:45 (4595 turns).

Amen the Magician (Gnoll Wizard)                    Turns: 4595, Time: 00:13:46

Health: -3/50      AC: -12   Str:  9    XL:     7   Next: 18%
Magic:  5/18       EV: 14    Int: 23    God:
Gold:   208        SH:  0    Dex: 13    Spells: 10/21 levels left

rFire    . . .     SeeInvis .   j - +0 dagger
rCold    . . .     Gourm    .   (no shield)
rNeg     . . .     Faith    .   a - +0 robe
rPois    .         Spirit   .   b - +0 hat
rElec    .         Reflect  .   (no cloak)
rCorr    .         Harm     .   (no gloves)
MR       .....                  w - +0 pair of boots
Stlth    +++.......             (no amulet)
HPRegen  0.16/turn              (no ring)
MPRegen  0.16/turn              (no ring)

@: corroded
A: distributed training, fangs 1, strong nose
a: no special abilities


You were on level 5 of the Dungeon.
You were very hungry.

You visited 1 branch of the dungeon, and saw 5 of its levels.

You collected 208 gold pieces.

Inventory:

Hand Weapons
 j - a +0 dagger (weapon)
 q - a +2 mace of protection
 x - a +0 trident
Missiles
 v - 5 poisoned darts (quivered)
Armour
 a - a +0 robe (worn)
 b - a +0 hat (worn)
 w - a +0 pair of boots (worn)
Jewellery
 h - an uncursed ring of stealth {unknown}
 m - an uncursed ring of ice {unknown}
 r - an uncursed ring of protection from cold {unknown}
Wands
 A - a wand of enslavement (4)
Scrolls
 f - 3 scrolls of identify {unknown}
 g - 4 scrolls of remove curse {unknown}
 i - 3 scrolls of enchant armour {unknown}
 k - 2 scrolls of random uselessness {unknown}
 l - a scroll of teleportation {unknown}
 o - 2 scrolls of fear {unknown}
 s - a scroll of immolation {unknown}
 t - a scroll of amnesia {unknown}
 y - a scroll of enchant weapon {unknown}
Potions
 c - a potion of agility {unknown}
 e - a potion of resistance {unknown}
 n - 3 potions of haste {unknown}
 p - 2 potions of heal wounds
 u - a potion of flight {unknown}
 z - a potion of curing {unknown}
Comestibles
 d - 7 rations


   Skills:
 + Level 2.2 Fighting
 + Level 2.2 Short Blades
 + Level 2.2 Long Blades
 + Level 2.2 Axes
 + Level 2.2 Maces & Flails
 + Level 2.2 Polearms
 + Level 2.2 Staves
 + Level 2.2 Slings
 + Level 2.2 Bows
 + Level 2.2 Crossbows
 + Level 2.2 Throwing
 + Level 2.2 Armour
 + Level 5.1 Dodging
 + Level 4.8 Stealth
 + Level 2.2 Shields
 + Level 2.2 Unarmed Combat
 + Level 7.5 Spellcasting
 + Level 2.8 Conjurations
 + Level 1.8 Hexes
 + Level 1.8 Charms
 + Level 2.8 Summonings
 + Level 1.8 Necromancy
 + Level 2.8 Translocations
 + Level 1.8 Transmutations
 + Level 1.8 Fire Magic
 + Level 1.8 Ice Magic
 + Level 1.8 Air Magic
 + Level 1.8 Earth Magic
 + Level 1.8 Poison Magic
 + Level 2.5 Invocations
 + Level 2.2 Evocations


You had 10 spell levels left.
You knew the following spells:

 Your Spells              Type           Power        Failure   Level  Hunger
a - Magic Dart            Conj           ###.         2%          1    None
b - Blink                 Tloc           N/A          3%          2    None
c - Call Imp              Summ           ###.....     3%          2    None
d - Conjure Flame         Conj/Fire      ###.....     9%          3    None
e - Mephitic Cloud        Conj/Pois/Air  ###.....     9%          3    None

Your spell library contained the following spells:

 Spells                   Type           Power        Failure   Level  Hunger
 Slow                     Hex            ###.....     5%          2    None


Dungeon Overview and Level Annotations

Branches:
Dungeon (5/15)
 Temple: D:4-7

Altars:
Dithmenos
Nemelex Xobeh

Annotations:
D:3 Sigmund


Innate Abilities, Weirdness & Mutations

Your experience applies equally to all skills.
You have very sharp teeth.
Your uncanny sense of smell can sniff out nearby items.


Message History

* * * LOW HITPOINT WARNING * * *
The hound skeleton bites you.
* * * LOW HITPOINT WARNING * * *
You barely miss the hound skeleton.
The hound skeleton is heavily damaged.
The hound skeleton barely misses you.
You hit the hound skeleton but do no damage.
The hound skeleton is heavily damaged.
The hound skeleton misses you.
You hit the hound skeleton but do no damage.
The hound skeleton is heavily damaged.
The hound skeleton barely misses you.
You hit the hound skeleton but do no damage.
The hound skeleton is heavily damaged.
The hound skeleton bites you.
* * * LOW HITPOINT WARNING * * *
You hit the hound skeleton but do no damage.
The hound skeleton is heavily damaged.
The hound skeleton bites you.
You die...

#...........
#...........
#.......†/..
#......)....
#...........
#...........∆
#'## #.Z# ##@#
#.##
#..######+#######
##.##...........#
#..#.........).#
##.#........[..#
#.............#
##............#
#............#


You could see a hound skeleton.

Vanquished Creatures
  An ogre (D:4)
  2 scorpions
  A howler monkey (D:5)
  A jelly (D:5)
  A worker ant (D:4)
  An orc wizard (D:3)
  A hound skeleton (D:4)
  7 adders
  A shadow imp (D:4)
  An ooze (D:3)
  2 worms
  2 dart slugs (D:1)
  4 leopard geckos
  9 orcs
  A ball python (D:4)
  11 bats
  4 giant cockroaches
  7 goblins
  17 hobgoblins
  3 jackals (D:3)
  8 kobolds
  A quokka (D:3)
  6 frilled lizards
  A leopard gecko skeleton (D:4)
  A quokka skeleton (D:4)
  8 rats
102 creatures vanquished.

Notes
Turn   | Place    | Note
-------+----------+-------------------------------------------
     0 | D:1      | Amen the Gnoll Wizard began the quest for the Orb.
     0 | D:1      | Reached XP level 1. HP: 13/13 MP: 8/8
    53 | D:1      | Reached XP level 2. HP: 19/19 MP: 1/10
   524 | D:1      | Reached XP level 3. HP: 23/25 MP: 6/11
   528 | D:1      | Learned a level 2 spell: Blink
   531 | D:1      | Learned a level 2 spell: Call Imp
   535 | D:1      | Learned a level 3 spell: Conjure Flame
   539 | D:1      | Learned a level 3 spell: Mephitic Cloud
   985 | D:2      | Reached skill level 1 in Invocations
  1194 | D:2      | Reached skill level 1 in Fighting
  1194 | D:2      | Reached skill level 1 in Short Blades
  1194 | D:2      | Reached skill level 1 in Long Blades
  1194 | D:2      | Reached skill level 1 in Axes
  1194 | D:2      | Reached skill level 1 in Maces & Flails
  1194 | D:2      | Reached skill level 1 in Polearms
  1194 | D:2      | Reached skill level 1 in Staves
  1194 | D:2      | Reached skill level 1 in Slings
  1194 | D:2      | Reached skill level 1 in Bows
  1194 | D:2      | Reached skill level 1 in Crossbows
  1194 | D:2      | Reached skill level 1 in Throwing
  1194 | D:2      | Reached skill level 1 in Armour
  1194 | D:2      | Reached skill level 1 in Shields
  1194 | D:2      | Reached skill level 1 in Unarmed Combat
  1194 | D:2      | Reached skill level 1 in Evocations
  1194 | D:2      | Reached XP level 4. HP: 31/32 MP: 4/13
  1702 | D:2      | Reached skill level 1 in Hexes
  1702 | D:2      | Reached skill level 1 in Charms
  1702 | D:2      | Reached skill level 1 in Necromancy
  1702 | D:2      | Reached skill level 1 in Transmutations
  1702 | D:2      | Reached skill level 1 in Fire Magic
  1702 | D:2      | Reached skill level 1 in Ice Magic
  1702 | D:2      | Reached skill level 1 in Air Magic
  1702 | D:2      | Reached skill level 1 in Earth Magic
  1702 | D:2      | Reached skill level 1 in Poison Magic
  2012 | D:3      | Noticed Sigmund
  2408 | D:3      | Found a shadowy altar of Dithmenos.
  2411 | D:3      | Found a sparkling altar of Nemelex Xobeh.
  2427 | D:3      | Reached XP level 5. HP: 22/37 MP: 4/14
  3789 | D:4      | Reached XP level 6. HP: 44/44 MP: 12/16
  4162 | D:4      | Reached skill level 5 in Dodging
  4319 | D:5      | Entered Level 5 of the Dungeon
  4560 | D:5      | Reached XP level 7. HP: 50/50 MP: 13/18
  4589 | D:5      | HP: 1/50 [hound skeleton (2)]
  4594 | D:5      | HP: 1/50 [hound skeleton (1)]
  4595 | D:5      | Slain by a hound skeleton

Skill      XL: |  1  2  3  4  5  6 |
---------------+-------------------+-----
Conjurations   | 2 |  2.8
Summonings     | 2 |  2.8
Translocations | 2 |  2.8
Invocations    | 1 2 |  2.5
Fighting       | 1 2 |  2.2
Short Blades   | 1 2 |  2.2
Long Blades    | 1 2 |  2.2
Axes           | 1 2 |  2.2
Maces & Flails | 1 2 |  2.2
Polearms       | 1 2 |  2.2
Staves         | 1 2 |  2.2
Slings         | 1 2 |  2.2
Bows           | 1 2 |  2.2
Crossbows      | 1 2 |  2.2
Throwing       | 1 2 |  2.2
Armour         | 1 2 |  2.2
Shields        | 1 2 |  2.2
Unarmed Combat | 1 2 |  2.2
Evocations     | 1 2 |  2.2
Hexes          | 1 |  1.8
Charms         | 1 |  1.8
Necromancy     | 1 |  1.8
Transmutations | 1 |  1.8
Fire Magic     | 1 |  1.8
Ice Magic      | 1 |  1.8
Air Magic      | 1 |  1.8
Earth Magic    | 1 |  1.8
Poison Magic   | 1 |  1.8
Dodging        | 5 |  5.1
Stealth        | |  4.8
Spellcasting   | |  7.5

Action                   |  1- 3 |  4- 6 |  7- 9 || total
-------------------------+-------+-------+-------++-------
Melee: Dagger            |       |    45 |     9 ||    54
       Bite              |       |     4 |       ||     4
 Cast: Magic Dart        |    81 |   205 |    15 ||   301
       Mephitic Cloud    |       |     7 |       ||     7
       Conjure Flame     |       |     7 |       ||     7
  Eat: Chunk             |       |    10 |       ||    10
Armor: Robe              |     1 |    15 |       ||    16
Dodge: Dodged            |     9 |    67 |    10 ||    86
